[Event "Team 45 45 League T38"]
[Site "Internet Chess Club"]
[Date "2008.07.28"]
[Round "1"]
[White "Tadiran"]
[Black "Campagnolo"]
[Result "1-0"]
[WhiteElo "2090"]
[BlackElo "2028"]
[Opening "two knights defense: Bogolyubov variation"]
[ECO "C58"]
[Time "21:22:16"]
[TimeControl "2700+45"]

1. e4 e5 2. Nf3 Nc6 3. Bc4 Nf6 4. Ng5 d5 5. exd5 Na5 6. Bb5+ c6 7. dxc6 bxc6 8.
Qf3 h6 9. Ne4 Nd5 10. Ba4 Be7 11. d3 O-O 12. O-O f5 13. Nec3 Be6 14. Re1 Qc7 15.
Nxd5 Bxd5 16. Qh5 Rf6 17. Bd2 Bd6 18. Bc3 Kh7 19. Nd2 Rg6 20. g3 Rf8 21. b4 Nb7
22. Bb3 Nd8 23. Qe2 Nf7 24. Rab1 f4 25. Ne4 fxg3 26. fxg3 Bxe4 27. dxe4 Ng5 28.
Rf1 Rgf6 29. Rxf6 Rxf6 30. Rf1 Qe7 31. Rxf6 Qxf6 32. Kg2 Qg6 33. Bc4 Qf6 34. Qg4
Bc7 35. Qf5+ Qxf5 36. exf5 Ne4 37. Be1 Nd6 38. Be6 Nb5 39. c3 a5 40. a4 Nd6 41.
Bd7 Kg8 42. Bxc6 Nxf5 43. b5 Kf8 44. Bf2 Ke7 45. Kf3 Kd6 46. Bb7 Kd7 47. b6 Bd8
48. Bd5 Ne7 49. b7 Bc7 50. c4 Nc6 51. Bc5 Nb8 52. Kg4 Ke8 53. Kf5 Na6 54. Bc6+
Kf7 55. Be3 Nb4 56. Be4 g6+ 57. Kg4 h5+ 58. Kf3 Kf6 59. Bb6 {Black resigns} 1-0

[Event "Team 45 45 League T38"]
[Site "Internet Chess Club"]
[Date "2008.07.29"]
[Round "1"]
[White "nosalt"]
[Black "DFME"]
[Result "1-0"]
[WhiteElo "1997"]
[BlackElo "1673"]
[Opening "Ruy Lopez: Wormald (Alapin) attack"]
[ECO "C77"]
[Time "11:01:25"]
[TimeControl "2700+45"]

1. e4 e5 2. Nf3 Nc6 3. Bb5 a6 4. Ba4 Nf6 5. Qe2 d6 6. O-O Be7 7. Rd1 O-O 8. d4
Bg4 9. Bxc6 bxc6 10. dxe5 Nd7 11. Bf4 Qb8 12. exd6 cxd6 13. c3 Ne5 14. b3 Rd8
15. Nbd2 h6 16. h3 Nxf3+ 17. Nxf3 Be6 18. Rd2 Qb7 19. Nd4 Qd7 20. Rad1 d5 21.
Nxe6 Qxe6 22. exd5 cxd5 23. Qxe6 fxe6 24. c4 dxc4 25. Rxd8+ Rxd8 26. Rxd8+ Bxd8
27. bxc4 Kf7 28. c5 Ba5 29. Kf1 Ke7 30. Ke2 Kd7 31. Kd3 Kc6 32. Kc4 Bd8 33. Bd6
Bf6 34. f4 g6 35. g4 Bd8 36. Kd4 Bf6+ 37. Ke4 Bc3 38. f5 exf5+ 39. gxf5 gxf5+
40. Kxf5 Kd5 41. Kg6 Bd2 42. h4 a5 43. h5 a4 44. Bf8 Be3 45. c6 Kxc6 46. Bxh6
Bf2 47. Bg5 Bd4 48. h6 Kd7 49. Bf6 {Black resigns} 1-0

[Event "Team 45 45 League T38"]
[Site "Internet Chess Club"]
[Date "2008.07.26"]
[Round "1"]
[White "Ehab"]
[Black "Holm"]
[Result "0-1"]
[WhiteElo "1740"]
[BlackElo "1871"]
[Opening "Sicilian: Taimanov variation"]
[ECO "B46"]
[Time "08:00:09"]
[TimeControl "2700+45"]

1. e4 c5 2. Nf3 e6 3. d4 cxd4 4. Nxd4 Nc6 5. Nc3 a6 6. a3 Qc7 7. g3 Nf6 8. Bg2
Nxd4 9. Qxd4 Bc5 10. Qd3 O-O 11. O-O d6 12. Bg5 Nd7 13. b4 Ne5 14. Qd2 Ba7 15.
Bf4 b5 16. Bxe5 dxe5 17. Rad1 Bb7 18. Ne2 Rfd8 19. Qg5 h6 20. Rxd8+ Rxd8 21. Qc1
Qc4 22. Rd1 Rxd1+ 23. Qxd1 Bxe4 24. Qd8+ Kh7 25. Bxe4+ Qxe4 26. Qd3 Qxd3 27.
cxd3 Bd4 28. Kg2 Bb2 29. Kf3 Bxa3 30. Ke4 Bxb4 31. Kxe5 Be1 32. f3 b4 33. Nc1 a5
34. Kd4 a4 35. Kc4 b3 36. Nxb3 axb3 37. Kxb3 Kg6 38. Kc2 Bf2 39. Kd2 Bd4 40. Ke2
h5 41. h3 f5 42. Kf1 Kg5 43. Kg2 Kf6 44. f4 Ke7 45. Kf3 Kd6 46. g4 hxg4+ 47.
hxg4 Kd5 48. Kg3 Be3 {White resigns} 0-1

[Event "Team 45 45 League T38"]
[Site "Internet Chess Club"]
[Date "2008.07.28"]
[Round "1"]
[White "Nosferatu1"]
[Black "Kingofknights"]
[Result "1-0"]
[WhiteElo "1848"]
[BlackElo "1786"]
[Opening "QGD Slav defense: exchange variation"]
[ECO "D13"]
[Time "17:27:21"]
[TimeControl "2700+45"]

1. d4 d5 2. c4 c6 3. cxd5 cxd5 4. Nc3 Nf6 5. Nf3 Nc6 6. Bf4 a6 7. h3 Bf5 8. e3
e6 9. a3 Be7 10. Nh4 Bg6 11. Nxg6 hxg6 12. Bd3 Nh5 13. Bh2 Bd6 14. Bxd6 Qxd6 15.
Qb3 b5 16. Rc1 Na5 17. Qd1 O-O 18. O-O f5 19. b4 Nc4 20. Bxc4 bxc4 21. Na4 Nf6
22. Nc5 Ne4 23. Nxe4 fxe4 24. Qa4 Ra7 25. Qa5 Rc8 26. Qa4 Qb6 27. Qd1 Rf8 28.
Rb1 a5 29. b5 Qd6 30. a4 e5 31. Qd2 Qa3 32. b6 Ra6 33. dxe5 Qd3 34. Rfd1 Re8 35.
b7 Rb8 36. Rb5 Kf7 37. Qc1 Qe2 38. Rdxd5 Ke6 39. Rd2 Qh5 40. Qxc4+ {Black
resigns} 1-0

[Event "Team 45 45 League T38"]
[Site "Internet Chess Club"]
[Date "2008.07.25"]
[Round "1"]
[White "Invicta-Knight"]
[Black "littleboo"]
[Result "1/2-1/2"]
[WhiteElo "1455"]
[BlackElo "1470"]
[Opening "Center game: Berger variation"]
[ECO "C22"]
[Time "10:07:09"]
[TimeControl "2700+45"]

1. e4 e5 2. d4 exd4 3. Qxd4 Nc6 4. Qe3 Nf6 5. Nc3 Bb4 6. Bd2 O-O 7. O-O-O Re8 8.
Qg3 Rxe4 9. Bd3 Re7 10. Bg5 Bxc3 11. bxc3 Re8 12. Qh4 h6 13. Bd2 Ne4 14. Qxd8
Nxd8 15. Re1 d5 16. f3 Nd6 17. g4 Rxe1+ 18. Bxe1 c5 19. h4 Nc6 20. Nh3 c4 21.
Be2 Be6 22. Nf4 Re8 23. g5 hxg5 24. hxg5 Bf5 25. Bd1 Re5 26. Bg3 Nb5 27. Kd2 Bh7
28. Nh3 Re8 29. Re1 Rxe1 30. Bxe1 d4 31. cxd4 Ncxd4 32. Bf2 c3+ 33. Ke3 Nxc2+
34. Bxc2 Bxc2 35. Nf4 Bb1 36. a4 Na3 37. Ne2 c2 38. Kd2 Nc4+ 39. Kc1 b6 40. Nd4
Ne5 41. Nxc2 Bxc2 42. Kxc2 Nxf3 43. Be3 Kh7 44. Kb3 Kg6 45. Kc4 Nxg5 46. Kb5 Nh3
47. Ka6 f5 48. Kxa7 f4 49. Bxb6 f3 50. a5 f2 51. Bxf2 Nxf2 52. Kb6 Ne4 53. a6
Nd6 54. Kc6 Nc8 55. Kc7 Na7 56. Kb7 Nb5 57. Kb6 Nd6 58. Kc6 Nc8 59. Kc7 Na7 60.
Kb6 Nc8+ {Game drawn by mutual agreement} 1/2-1/2

[Event "Team 45 45 League T38"]
[Site "Internet Chess Club"]
[Date "2008.07.25"]
[Round "1"]
[White "fuzzface"]
[Black "houseofcook"]
[Result "0-1"]
[WhiteElo "1330"]
[BlackElo "1497"]
[Opening "Queen's pawn game"]
[ECO "D00"]
[Time "14:00:55"]
[TimeControl "2700+45"]

1. d4 d5 2. g3 Nf6 3. Bg2 e6 4. Bg5 c5 5. c3 Nbd7 6. Nd2 Qb6 7. Qb3 Be7 8. e3 c4
9. Qxb6 Nxb6 10. Ne2 h6 11. Bxf6 Bxf6 12. O-O O-O 13. b3 Rb8 14. e4 Bg5 15. f4
Be7 16. e5 Bd7 17. Bh3 Rbc8 18. f5 Bg5 19. Nf3 Be3+ 20. Kh1 exf5 21. Nh4 g6 22.
g4 fxg4 23. Ng2 Bg5 24. Bxg4 Bxg4 25. Nef4 Bf5 26. Ne3 Be4+ 27. Kg1 Kg7 28. e6
Bxf4 29. Rxf4 fxe6 30. Raf1 Rxf4 31. Rxf4 Rf8 32. Rxf8 Kxf8 33. Ng4 Kg7 34. Ne5
h5 {White resigns} 0-1

[Event "Team 45 45 League T38"]
[Site "Internet Chess Club"]
[Date "2008.07.24"]
[Round "1"]
[White "rkaebi"]
[Black "Fogbound"]
[Result "1-0"]
[WhiteElo "1434"]
[BlackElo "1313"]
[Opening "English opening"]
[ECO "A10"]
[Time "14:26:40"]
[TimeControl "2700+45"]

1. c4 g6 2. d4 Bg7 3. Nf3 d6 4. Nc3 Bg4 5. e4 Nf6 6. Be2 Nbd7 7. O-O Nb6 8. b3
Nbd7 9. Re1 h6 10. h3 Bh5 11. g4 Bxg4 12. hxg4 Nxg4 13. Nh2 Ngf6 14. Bf4 e5 15.
dxe5 dxe5 16. Bg3 h5 17. Nf3 Nh7 18. Qd5 c6 19. Qd6 Qe7 20. Rad1 Qxd6 21. Rxd6
O-O-O 22. Red1 Nhf8 23. Nxe5 Rh7 24. Nxf7 Re8 25. e5 h4 26. Bf4 h3 27. Bg4 Kc7
28. e6 Ne5 29. Nxe5 g5 30. Bg3 h2+ 31. Kh1 Bf6 32. Ng6 Bxc3 33. Rd7+ Kb6 34. c5+
Kxc5 35. Bd6+ Kb6 36. Nxf8 Rh4 37. Bc7+ Kc5 38. f3 Rxf8 39. Bd6+ Kb5 40. Bxf8 b6
41. Rxa7 Bb4 42. a4# {Black checkmated} 1-0

[Event "Team 45 45 League T38"]
[Site "Internet Chess Club"]
[Date "2008.07.27"]
[Round "1"]
[White "NewfieKnight"]
[Black "therookery"]
[Result "1-0"]
[WhiteElo "1294"]
[BlackElo "1192"]
[Opening "Sicilian defense"]
[ECO "B30"]
[Time "12:19:35"]
[TimeControl "2700+45"]

1. e4 c5 2. Nf3 Nc6 3. Bc4 e5 4. c3 Nf6 5. d4 Nxe4 6. O-O d6 7. Re1 Nf6 8. Bg5
Be7 9. Bb5 Bd7 10. dxe5 Nxe5 11. Bxd7+ Nexd7 12. Nbd2 O-O 13. Qc2 Re8 14. b4
cxb4 15. cxb4 Rc8 16. Qd1 Nd5 17. Bxe7 Rxe7 18. Ne4 Nxb4 19. Nxd6 Rxe1+ 20. Qxe1
Nc2 21. Qc1 Nxa1 22. Nxc8 Qf6 23. Nxa7 h6 24. Qc8+ Nf8 25. Qxb7 Qc3 26. Qb1 Ne6
27. Nb5 Qf6 28. Qd1 Qb2 29. a4 Nf4 30. g3 Nh3+ 31. Kg2 Ng5 32. Nxg5 hxg5 33. Nd4
f6 34. Nf5 Qb7+ 35. Kg1 Qb2 36. Ne7+ Kh7 37. Qh5# {Black checkmated} 1-0

[Event "Team 45 45 League T38"]
[Site "Internet Chess Club"]
[Date "2008.07.24"]
[Round "1"]
[White "Mudfrog"]
[Black "AlPearson"]
[Result "0-1"]
[WhiteElo "1463"]
[BlackElo "1454"]
[Opening "Alekhine's defense: modern variation, 4...Bg4"]
[ECO "B05"]
[Time "18:21:05"]
[TimeControl "2700+45"]

1. e4 Nf6 2. e5 Nd5 3. d4 d6 4. Nf3 Bg4 5. Be2 e6 6. c4 Nb6 7. O-O Be7 8. Be3
O-O 9. Nc3 Nc6 10. exd6 cxd6 11. c5 dxc5 12. dxc5 Nd7 13. Ne4 a6 14. h3 Bf5 15.
Nd6 Nb4 16. Nxb7 Qc7 17. Nd6 Bg6 18. a3 Nc2 19. Rc1 Nxe3 20. fxe3 Rfd8 21. b4
Nf6 22. Ne5 Ne4 23. Bh5 Bxd6 24. Bxg6 Bxe5 25. Bxf7+ Kh8 26. Qh5 Bh2+ 27. Kh1
Ng3+ 28. Kxh2 Nxh5+ 29. Kg1 Ng3 {White resigns} 0-1

[Event "Team 45 45 League T38"]
[Site "Internet Chess Club"]
[Date "2008.07.25"]
[Round "1"]
[White "Zyme"]
[Black "t-hobbes"]
[Result "0-1"]
[WhiteElo "1333"]
[BlackElo "1346"]
[Opening "QGD: Orthodox defense, 7.Rc1"]
[ECO "D63"]
[Time "20:08:54"]
[TimeControl "2700+45"]

1. d4 d5 2. c4 e6 3. Nc3 Nf6 4. Bg5 Be7 5. Nf3 O-O 6. e3 Nbd7 7. Rc1 c5 8. dxc5
Bxc5 9. cxd5 Qb6 10. Qc2 exd5 11. Rd1 Qe6 12. Be2 Ne5 13. Nxe5 Qxe5 14. Bxf6
Qxf6 15. Nxd5 Qc6 16. O-O Be6 17. Nc3 g6 18. Rd2 Bb4 19. a3 Ba5 20. b4 Bb6 21.
Na4 Qxc2 22. Rxc2 Bb3 23. Nxb6 axb6 24. Rc3 Rxa3 25. Rb1 Ra2 26. Rbxb3 Rxe2 27.
Kf1 Rd2 28. Rc7 Ra8 29. Ke1 Raa2 30. Rxb7 Re2+ 31. Kd1 Rxf2 32. Rxb6 Rf1# {White
checkmated} 0-1

[Event "Team 45 45 League T38"]
[Site "Internet Chess Club"]
[Date "2008.07.27"]
[Round "1"]
[White "Bootsie"]
[Black "SCUGrad"]
[Result "0-1"]
[WhiteElo "1230"]
[BlackElo "1424"]
[Opening "Scotch: Mieses variation"]
[ECO "C45"]
[Time "21:00:18"]
[TimeControl "2700+45"]

1. e4 e5 2. Nf3 Nc6 3. d4 exd4 4. Nxd4 Nf6 5. Nxc6 bxc6 6. e5 Qe7 7. Qe2 Nd5 8.
Bd2 g6 9. c4 Ba6 10. Nc3 Rb8 11. Rb1 Bg7 12. Nxd5 cxd5 13. b3 dxc4 14. b4 Qe6
15. Qe3 Qxe5 16. Be2 Qxe3 17. Bxe3 Bc3+ 18. Bd2 Bxd2+ 19. Kxd2 d5 20. Kc3 Kd7
21. Bf3 c6 22. Rhe1 Rhe8 23. Re3 Rxe3+ 24. fxe3 f5 25. Rd1 Ke6 26. g4 Ke5 27.
gxf5 Kxf5 28. Rd4 Re8 29. Bg4+ Kg5 30. h4+ Kh6 31. Kd2 Bc8 32. Bxc8 Rxc8 33. Rf4
Kg7 34. Kc3 Rf8 35. Kd4 Rxf4+ 36. exf4 Kf6 37. Kc5 c3 {White resigns} 0-1

[Event "Team 45 45 League T38"]
[Site "Internet Chess Club"]
[Date "2008.07.29"]
[Round "1"]
[White "havertown"]
[Black "kingsrook"]
[Result "1/2-1/2"]
[WhiteElo "1264"]
[BlackElo "1226"]
[Opening "QGD semi-Slav: Chigorin defense"]
[ECO "D46"]
[Time "19:48:12"]
[TimeControl "2700+45"]

1. c4 c6 2. d4 d5 3. e3 e6 4. Nf3 Nf6 5. Nc3 Nbd7 6. Bd3 Bd6 7. O-O O-O 8. c5
Be7 9. Re1 Qc7 10. e4 dxe4 11. Nxe4 Nxe4 12. Bxe4 {Game drawn by mutual
agreement} 1/2-1/2

[Event "Team 45 45 League T38"]
[Site "Internet Chess Club"]
[Date "2008.07.24"]
[Round "1"]
[White "Ghashgork"]
[Black "keaaw"]
[Result "1-0"]
[WhiteElo "1660"]
[BlackElo "1528"]
[Opening "Bird's opening"]
[ECO "A02"]
[Time "13:00:41"]
[TimeControl "2700+45"]

1. f4 c5 2. Nf3 Nf6 3. Nc3 Nc6 4. g3 g6 5. Bg2 Bg7 6. e4 d6 7. O-O O-O 8. d3 Bg4
9. h3 Bxf3 10. Qxf3 Nd4 11. Qf2 Qd7 12. Be3 e5 13. fxe5 dxe5 14. Bg5 Ne8 15. Nd5
Nc7 16. Be7 Nxd5 17. Bxf8 Ne3 18. Qxe3 Rxf8 19. Qf2 f5 20. exf5 Rxf5 21. Qd2 b6
22. Rxf5 Nxf5 23. g4 Nh4 24. c3 Nxg2 25. Qxg2 Qxd3 26. Rf1 Qe3+ 27. Qf2 Qxf2+
28. Kxf2 Kf7 29. Rd1 Ke7 30. Ke3 Bh6+ 31. Ke4 Bf4 32. c4 Bg3 33. Kd5 Kd7 34. Rf1
Bf4 35. b3 a5 36. Rf2 h5 37. gxh5 gxh5 38. Rf1 h4 39. Rf2 Kc7 40. Ke4 Kd6 41.
Rxf4 exf4 42. Kxf4 Ke6 43. Kg4 Ke5 44. Kxh4 Kf4 45. Kh5 Kf5 46. h4 Kf6 47. Kg4
Kg6 48. a4 Kf6 49. Kf4 {Black forfeits on time} 1-0

[Event "Team 45 45 League T38"]
[Site "Internet Chess Club"]
[Date "2008.07.26"]
[Round "1"]
[White "Rubacchus"]
[Black "Mutaant"]
[Result "1-0"]
[WhiteElo "1357"]
[BlackElo "1427"]
[Opening "King's gambit"]
[ECO "C30"]
[Time "09:56:26"]
[TimeControl "2700+45"]

1. e4 e5 2. f4 Nc6 3. Bc4 Bc5 4. Nf3 h6 5. d3 Qf6 6. Nxe5 Nxe5 7. fxe5 Qxe5 8.
Qf3 Nf6 9. Nc3 O-O 10. Bf4 Qe7 11. O-O-O d6 12. h3 a6 13. d4 Bb4 14. e5 Nh7 15.
Nd5 Qd7 16. Nxb4 Qa4 17. Qb3 Qe8 18. Rde1 Qd8 19. Qg3 g5 20. exd6 c6 21. h4 a5
22. Nxc6 bxc6 23. Re7 h5 24. hxg5 Bg4 25. g6 Nf6 26. gxf7+ Kh7 27. Qh4 Nd5 28.
Bd3+ Kg7 29. Qg5+ Kh8 30. Be5+ {Black resigns} 1-0

[Event "Team 45 45 League T38"]
[Site "Internet Chess Club"]
[Date "2008.07.24"]
[Round "1"]
[White "seldredg"]
[Black "conron"]
[Result "0-1"]
[WhiteElo "1330"]
[BlackElo "1353"]
[Opening "English opening"]
[ECO "A20"]
[Time "21:01:15"]
[TimeControl "2700+45"]

1. c4 e5 2. g3 Nf6 3. Bg2 c5 4. Nc3 Nc6 5. e3 Be7 6. Nge2 O-O 7. a3 d6 8. Nd5
Nxd5 9. cxd5 Nb8 10. d3 Bg5 11. Nc3 Qc7 12. O-O b6 13. Qh5 h6 14. Ne4 Qe7 15.
Bd2 Nd7 16. f4 Nf6 17. Nxf6+ Bxf6 18. f5 Ba6 19. Qe2 e4 20. Bc1 Bxd3 21. Qg4
Bxf1 22. Kxf1 Rfe8 23. Rb1 Qe5 24. Qd1 Qxf5+ 25. Kg1 Re5 26. Qc2 Rae8 27. Qa4
R8e7 28. Bd2 Rxd5 29. Rf1 Qg4 30. Rf2 g5 31. Qc6 Qd1+ 32. Bf1 Rxd2 33. Qa8+ Kg7
34. Rxd2 Qxd2 35. Bg2 Qe1+ 36. Bf1 Qxe3+ 37. Kg2 Qf3+ 38. Kg1 Bd4# {White
checkmated} 0-1

[Event "Team 45 45 League T38"]
[Site "Internet Chess Club"]
[Date "2008.07.27"]
[Round "1"]
[White "AtomicDog"]
[Black "moreffee"]
[Result "0-1"]
[WhiteElo "1300"]
[BlackElo "1228"]
[Opening "Petrov's defense"]
[ECO "C42"]
[Time "14:00:15"]
[TimeControl "2700+45"]

1. e4 e5 2. Nf3 Nf6 3. Nxe5 Nc6 4. Nxc6 dxc6 5. Nc3 Bc5 6. Be2 Bxf2+ 7. Kxf2
Qd4+ 8. Kf1 Nxe4 9. Nxe4 Qxe4 10. Rg1 O-O 11. d3 Qe7 12. Bd2 Be6 13. Be3 Rad8
14. Qd2 Rfe8 15. Bf2 c5 16. Qc3 b6 17. a3 Rd5 18. Re1 Rf5 19. g4 Rxf2+ 20. Kxf2
Qh4+ 21. Kg2 Bd5+ 22. Bf3 Qxg4+ {White resigns} 0-1

[Event "Team 45 45 League T38"]
[Site "Internet Chess Club"]
[Date "2008.07.28"]
[Round "1"]
[White "cazj"]
[Black "knight2f3"]
[Result "0-1"]
[WhiteElo "1377"]
[BlackElo "1417"]
[Opening "Vienna game"]
[ECO "C26"]
[Time "18:59:25"]
[TimeControl "2700+45"]

1. e4 Nf6 2. Nc3 e5 3. Bc4 Bb4 4. Nf3 Nc6 5. a3 Bxc3 6. dxc3 Nxe4 7. Qd5 Nd6 8.
Nxe5 Qe7 9. Bf4 O-O 10. Bd3 Re8 11. O-O Nxe5 12. Rfe1 Qe6 13. Rxe5 Qxd5 14. Rxd5
Re6 15. Kf1 b6 16. Rd4 Bb7 17. Rd1 Rae8 18. Bf5 Nxf5 19. Rxd7 Bc6 20. Rxc7 Be4
21. Rxa7 Bxc2 22. Rc1 h6 23. b4 Bd3+ {White resigns} 0-1

[Event "Team 45 45 League T38"]
[Site "Internet Chess Club"]
[Date "2008.07.25"]
[Round "1"]
[White "FluberButon"]
[Black "SeniorCitizen"]
[Result "1-0"]
[WhiteElo "1339"]
[BlackElo "1420"]
[Opening "French: exchange variation"]
[ECO "C01"]
[Time "18:07:19"]
[TimeControl "2700+45"]

1. e4 e6 2. d4 d5 3. exd5 exd5 4. Bf4 Nf6 5. Nf3 Be6 6. Bd3 Nbd7 7. Nc3 Bb4 8.
O-O Bxc3 9. bxc3 O-O 10. Rb1 Rb8 11. Ne5 c6 12. Nxd7 Qxd7 13. Bxb8 Rxb8 14. Qf3
Qc7 15. a3 b6 16. Bf5 Bxf5 17. Qxf5 Ne4 18. Rb3 Nd2 19. Re1 Nxb3 20. cxb3 Qd6
21. b4 c5 22. Qe5 Qxe5 23. Rxe5 cxd4 24. cxd4 Kf8 25. Rxd5 Rc8 26. g3 Ke7 27.
Kg2 Rd8 28. Rxd8 Kxd8 29. Kf3 Kd7 30. Ke4 Kd6 31. f4 f5+ 32. Kxf5 Kd5 33. h4
Kxd4 34. g4 Kc3 35. Ke6 Kb3 36. Kf7 Kxa3 37. Kxg7 Kxb4 38. Kxh7 a5 39. f5 a4 40.
f6 a3 41. f7 {Black resigns} 1-0

[Event "Team 45 45 League T38"]
[Site "Internet Chess Club"]
[Date "2008.07.27"]
[Round "1"]
[White "gaboonzoom"]
[Black "andrew0311"]
[Result "0-1"]
[WhiteElo "1376"]
[BlackElo "1274"]
[Opening "Sicilian: Grand Prix attack"]
[ECO "B23"]
[Time "10:00:09"]
[TimeControl "2700+45"]

1. e4 c5 2. Nc3 Nc6 3. f4 d6 4. Nf3 e5 5. f5 Nf6 6. Bc4 a6 7. Bd5 Nd4 8. d3 Be7
9. O-O O-O 10. Be3 Bd7 11. Bxb7 Rb8 12. Bxa6 Rxb2 13. Ne1 Qa5 14. Bc4 Qxc3 15.
Bd2 Qa3 16. Bc1 Qb4 17. Bxb2 Qxb2 18. Rb1 Qc3 19. Rb7 Re8 20. Bb3 Bc6 21. Rc7 d5
22. Nf3 Ba8 23. Nxd4 Qxd4+ 24. Kh1 dxe4 25. dxe4 Qxe4 26. Rf3 Bd5 27. Bxd5 Nxd5
28. Ra7 Ne3 29. Rxe3 Qxe3 30. Rxe7 Rf8 31. Rd7 Qg5 32. Rd5 Qxf5 33. Rd8 Qe6 34.
h3 Qe7 35. Rd5 h6 36. c4 Ra8 37. a4 e4 38. Kg1 e3 39. Kf1 Re8 40. Ke2 Qe4 41.
Qb3 Qxg2+ 42. Ke1 Qf2+ 43. Kd1 e2+ 44. Kc1 e1=Q+ 45. Rd1 Qfd2+ 46. Kb1 Qexd1+
47. Qxd1 Qxd1+ 48. Kb2 Re3 49. Ka2 Qc2+ {White resigns} 0-1

[Event "Team 45 45 League T38"]
[Site "Internet Chess Club"]
[Date "2008.07.26"]
[Round "1"]
[White "DaMelch"]
[Black "BosqueVerde"]
[Result "1-0"]
[WhiteElo "1308"]
[BlackElo "1220"]
[Opening "KGA: bishop's gambit"]
[ECO "C33"]
[Time "13:59:47"]
[TimeControl "2700+45"]

1. e4 e5 2. f4 exf4 3. Bc4 Qf6 4. d4 c5 5. Nf3 Nc6 6. d5 Ne5 7. Nxe5 Qxe5 8. O-O
Nf6 9. Nc3 Be7 10. Bxf4 Qd4+ 11. Qxd4 cxd4 12. d6 Bd8 13. e5 dxc3 14. exf6 Bxf6
15. Rae1+ Kf8 16. b3 g5 17. Bxg5 Bd4+ 18. Kh1 Kg7 19. Rxf7+ Kg6 20. h4 h6 21.
Bf4 b5 22. Bd5 Rb8 23. g4 h5 24. Rf5 hxg4 25. Rg5+ Kf6 26. Re7 Rf8 27. Rxg4 Bb7
28. Bg5+ Kf5 29. Rxd4 Bxd5+ 30. Rxd5+ Kg4 31. Rd4+ Kg3 32. Re3+ Rf3 33. Bf4+ Kg4
34. Bh2+ Kh3 35. Rxf3# {Black checkmated} 1-0

[Event "Team 45 45 League T38"]
[Site "Internet Chess Club"]
[Date "2008.07.28"]
[Round "1"]
[White "Graybeard"]
[Black "jeffk"]
[Result "1-0"]
[WhiteElo "1250"]
[BlackElo "1227"]
[Opening "Pirc: Austrian attack"]
[ECO "B09"]
[Time "09:31:25"]
[TimeControl "2700+45"]

1. e4 d6 2. d4 Nf6 3. Nc3 g6 4. f4 Bg7 5. Nf3 Bg4 6. Bd3 c5 7. h3 Bxf3 8. Qxf3
Nc6 9. Bb5 cxd4 10. Nd5 a6 11. Nxf6+ Bxf6 12. e5 dxe5 13. Bxc6+ bxc6 14. Qxc6+
Kf8 15. g3 Kg7 16. Qe4 exf4 17. Bxf4 Qa5+ 18. Bd2 Qe5 19. Qxe5 Bxe5 20. Rg1 d3
21. c3 f5 22. O-O-O h6 23. Bf4 Bxf4+ 24. gxf4 Rhd8 25. Rg3 d2+ 26. Kc2 Rd5 27.
Rd3 Rxd3 28. Kxd3 Rd8+ 29. Ke3 g5 30. Rxd2 Rxd2 31. Kxd2 gxf4 32. Ke2 e5 33. c4
e4 34. c5 f3+ 35. Kf2 f4 36. c6 e3+ 37. Kxf3 Kf7 38. c7 e2 39. Kxe2 f3+ 40. Kxf3
{Black resigns} 1-0

[Event "Team 45 45 League T38"]
[Site "Internet Chess Club"]
[Date "2008.08.03"]
[Round "1"]
[White "JimGaming"]
[Black "Renato77"]
[Result "1-0"]
[WhiteElo "1236"]
[BlackElo "1139"]
[Opening "King's pawn opening"]
[ECO "B07"]
[Time "14:00:49"]
[TimeControl "2700+45"]

1. e4 d6 2. d4 g6 3. Bb5+ Bd7 4. Bc4 Bg7 5. Bg5 Nf6 6. Nc3 e6 7. e5 d5 8. Bd3
Nc6 9. Bb5 h6 10. Bxf6 Bxf6 11. Bxc6 Bxc6 12. Nf3 Bg5 13. h4 Be7 14. g4 f6 15.
Qd3 Qd7 16. Qxg6+ Kf8 17. exf6 Bb4 18. Ne5 Bxc3+ 19. bxc3 Qh7 20. h5 Be8 21.
Qxh7 Rxh7 22. O-O-O Rc8 23. Rd3 c5 24. Re3 b5 25. f7 Bxf7 26. Nd7+ Ke7 27. Nxc5
a5 28. Rhe1 Rc6 29. a4 bxa4 30. Nxa4 Rc4 31. Nb2 Rc7 32. Kd2 Rg7 33. f3 Rb7 34.
Na4 Rg8 35. Nc5 Rb6 36. Nd3 a4 37. Ne5 a3 38. Ra1 Ra8 39. Ra2 Rb2 40. Nc6+ Kd6
41. Nb4 Rxa2 42. Nxa2 Rb8 43. Re1 Rb2 44. Ra1 e5 45. Nb4 exd4 46. Rxa3 Kc5 47.
Nd3+ Kc4 48. Nxb2+ Kc5 49. Nd3+ Kc4 50. Ne5+ Kb5 51. Nxf7 dxc3+ 52. Kxc3 Kc5 53.
Nxh6 d4+ 54. Kd3 Kd5 55. Ra8 Ke5 56. Rf8 Ke6 57. Rf7 Ke5 58. f4+ Kd5 59. g5 Ke6
60. g6 Kd5 61. g7 Kc5 62. g8=Q Kb4 63. Qc8 Kb5 64. Ra7 Kb6 65. Rb7+ {Black
resigns} 1-0

[Event "Team 45 45 League T38"]
[Site "Internet Chess Club"]
[Date "2008.07.27"]
[Round "1"]
[White "WannaB"]
[Black "king4aknight"]
[Result "0-1"]
[WhiteElo "1029"]
[BlackElo "1223"]
[Opening "Giuoco Piano"]
[ECO "C50"]
[Time "11:00:22"]
[TimeControl "2700+45"]

1. e4 e5 2. Nf3 Nc6 3. Bc4 Bc5 4. a3 Nf6 5. d3 d6 6. b4 Bb6 7. Qe2 Bg4 8. Bg5 h6
9. Be3 Nh5 10. h3 Bxf3 11. Qxf3 Qf6 12. Qxh5 Nd4 13. Nc3 Nxc2+ 14. Ke2 Nd4+ 15.
Bxd4 Bxd4 16. Nd1 Bxa1 17. Ne3 Bd4 18. Qf3 O-O 19. Nd5 Qxf3+ 20. gxf3 c6 21.
Ne7+ Kh8 22. Nf5 b5 23. Bb3 Bb2 24. a4 a6 25. Nxd6 Rad8 26. Nxf7+ Rxf7 27. Bxf7
bxa4 28. Bc4 a3 29. Kd2 Ra8 30. Kc2 a5 31. b5 cxb5 32. Bxb5 Rc8+ 33. Kb3 Rb8 34.
Ka4 Ra8 35. Bc6 Rd8 36. Rd1 a2 37. Kb3 a1=Q 38. Rxa1 Bxa1 39. Bd5 Rb8+ 40. Ka2
Bd4 41. Ka3 Bxf2 42. Ka4 Be1 43. Ka3 g5 44. Ka4 Rb1 45. Ka3 Ra1+ 46. Kb2 Rd1 47.
Kc2 Rd2+ 48. Kc1 Rh2 49. Kd1 Bb4 50. Be6 Rf2 51. Bg4 a4 52. Kc1 a3 53. Be6 Rxf3
54. Kb1 Rxd3 55. Kc2 Rg3 56. Kb1 g4 57. hxg4 Rg1+ 58. Ka2 Rg3 59. Bd7 Re3 60.
Bf5 Kg7 61. Be6 Rxe4 62. Kb3 Kf6 63. Bf5 Bd6 64. Bxe4 Kg5 65. Bf3 Kf4 66. Bd1 e4
67. Ka2 e3 68. Be2 Kg3 69. Kb3 Kf2 70. Bc4 e2 71. Bxe2 Kxe2 72. Ka2 Kf3 73. Kb3
Kxg4 {White resigns} 0-1

[Event "Team 45 45 League T38"]
[Site "Internet Chess Club"]
[Date "2008.07.25"]
[Round "1"]
[White "carolinaknight"]
[Black "fuzzface"]
[Result "0-1"]
[WhiteElo "1197"]
[BlackElo "1340"]
[Opening "Sicilian: Grand Prix attack"]
[ECO "B21"]
[Time "08:55:42"]
[TimeControl "2700+45"]

1. e4 c5 2. f4 e6 3. Nf3 Nc6 4. Bc4 h6 5. Nc3 a6 6. a3 b5 7. Be2 Bb7 8. O-O Nd4
9. d3 Nxf3+ 10. Bxf3 Nf6 11. Be3 d5 12. d4 c4 13. e5 Nh7 14. f5 Ng5 15. Bh5 Bc8
16. fxe6 Bxe6 17. Ne2 g6 18. Bf3 Nxf3+ 19. Rxf3 Be7 20. Nf4 Bg4 21. e6 Bxf3 22.
Qxf3 O-O 23. Qg4 Qe8 24. Nxd5 h5 25. Qh3 Qd8 26. exf7+ Rxf7 27. Qe6 Qd6 28.
Nxe7+ Qxe7 29. d5 Qxe6 30. dxe6 Re7 31. Bh6 Rxe6 32. Rf1 Rae8 33. Bd2 Re2 34.
Bc3 R8e6 35. Rc1 Kh7 36. Kf1 g5 37. Bb4 Kg6 38. Bc3 g4 39. h3 gxh3 40. gxh3 Rh2
41. Re1 Rxe1+ 42. Bxe1 Rxh3 43. Kg2 Re3 44. Kf2 Re4 45. Bd2 Kf5 46. Kf3 h4 47.
Kg2 Re2+ {White resigns} 0-1

[Event "Team 45 45 League T38"]
[Site "Internet Chess Club"]
[Date "2008.07.28"]
[Round "1"]
[White "theartist"]
[Black "furrbrain"]
[Result "1-0"]
[WhiteElo "1198"]
[BlackElo "1158"]
[Opening "Queen's pawn: Franco-Indian (Keres) defense"]
[ECO "A40"]
[Time "12:48:03"]
[TimeControl "2700+45"]

1. d4 e6 2. c4 Bb4+ 3. Nd2 Nf6 4. a3 Bxd2+ 5. Bxd2 d5 6. e3 c6 7. Nf3 Nbd7 8.
Qc2 b6 9. Bd3 Ba6 10. O-O Qc7 11. e4 dxe4 12. Bxe4 O-O-O 13. Rfe1 c5 14. Qa4
Nxe4 15. Qxa6+ Qb7 16. Qxb7+ Kxb7 17. Rxe4 Nf6 18. Re2 h6 19. Bc3 Rhe8 20. Rd1
g5 21. d5 e5 22. Rxe5 Rxe5 23. Bxe5 Ne4 24. Nd2 {Black resigns} 1-0